Workbook
Name _edn1: Transactions!#REF!
Name _edn10: Transactions!#REF!
Name _edn11: Transactions!#REF!
Name _edn12: Transactions!#REF!
Name _edn13: Transactions!#REF!
Name _edn14: Transactions!#REF!
Name _edn15: Transactions!#REF!
Name _edn2: Transactions!#REF!
Name _edn3: Transactions!#REF!
Name _edn4: Transactions!#REF!
Name _edn5: Transactions!#REF!
Name _edn6: Transactions!#REF!
Name _edn7: Transactions!#REF!
Name _edn8: Transactions!#REF!
Name _edn9: Transactions!#REF!

Sheet Transactions
A1: Document List
A2: Document | B2: Type | C2: For | D2: Amount
A3: 1 | B3: Deposit slip | C3: Investment | D3: 40000
A4: 2 | B4: Lease | C4: Rent | D4: 800 | E4: per month
A5: 3 | B5: Cheque | C5: Rent | D5: 3600
A6: 4 | B6: Cheque | C6: Computer Equipment | D6: 3600
A7: 5 | B7: Cheque | C7: Sign deposit | D7: 1000
A8: 6 | B8: Cheque | C8: Sign installation | D8: 1000
A9: 7 | B9: Cheque | C9: Advertising | D9: 600
A10: 8 | B10: Cheque | C10: Software development | D10: 1500
A11: 9 | B11: Cheque | C11: Cash register | D11: 500
A12: 10 | B12: Cheque | C12: Coffee & Postage | D12: 200
A13: 11 | B13: Purchase receipt | C13: Ski equipment | D13: 50000
A14: 12 | B14: Note payable | C14: for equipment in 21 | D14: 45000
A15: 13 | B15: Sales receipt | C15: 30 for group lessons | D15: =30*50 -> 1500
A16: 14 | B16: Sales receipt | C16: 6 for group lessons | D16: =6*80 -> 480
A17: 15 | B17: Sales receipt | C17: 2 for private lessons | D17: =2*150 -> 300
A18: 16 | B18: Sales receipts | C18: Coaching | D18: 200
A19: 17 | B19: Cheque | C19: Office Supplies | D19: 500
A20: 18 | B20: Sales report | C20: Lessons | D20: 3600
A21: 19 | B21: Cheque | C21: Cash delivery charges | D21: 160
A22: 20 | B22: Bill | C22: Utilities | D22: 325
A23: 21 | B23: Cash receipts | C23: Lessons for October | D23: 10000
A24: 22 | B24: Memo | C24: Staff hiring | D24: 0
A25: 23 | B25: Cash withdrawal | C25: Amandan withdraws $2,000 for personal use | D25: 2000

Sheet Add Info
A1: On September 30th, a count of the office supplies revealed that there were $150 worth of office supplies on hand.
A2: Since October 1st is the beginning of the new fiscal year for Singh Ski School, all necessary adjusting entries need to be completed, on September 30th.

Sheet Analyze
A1: Document | B1: Date | C1: Description | D1: Economic Transaction? | E1: Accounts Affected | F1: Increase/Decrease | G1: Debit/Credit | H1: Amount
A2: =Transactions!A3 -> 1
A4: =Transactions!A4 -> 2
A5: =Transactions!A5 -> 3
A7: =Transactions!A6 -> 4
A9: =Transactions!A7 -> 5
A12: =Transactions!A8 -> 6
A14: =Transactions!A9 -> 7
A16: =Transactions!A10 -> 8
A18: =Transactions!A11 -> 9
A20: =Transactions!A12 -> 10
A23: =Transactions!A13 -> 11
A24: =Transactions!A14 -> 12
A26: =Transactions!A15 -> 13
A28: =Transactions!A16 -> 14
A30: =Transactions!A17 -> 15
A32: =Transactions!A18 -> 16
A34: =Transactions!A19 -> 17
A36: =Transactions!A20 -> 18
A39: =Transactions!A21 -> 19
A41: =Transactions!A22 -> 20
A43: =Transactions!A23 -> 21
A45: =Transactions!A24 -> 22
A46: =Transactions!A25 -> 23

Sheet Journalize
A1: Singh Ski School
A2: General Journal
A3: August & September 2017
A5: Date | B5: Particulars | C5: Folio | D5: Debit | E5: Credit
A6: 42979
A10: 42979
A14: 42979
A18: 42979
A23: 42979
A27: 42979
A31: 42979
A35: 42979
A40: 42979
A45: =Analyze!B26 -> 0
A49: =Analyze!B28 -> 0
A53: =Analyze!B30 -> 0
A57: =Analyze!B32 -> 0
A61: =Analyze!B34 -> 0
A65: =Analyze!B36 -> 0
A70: 43008
A74: 43008
A78: =Analyze!B46 -> 0
A82: 43008

Sheet Post GL students
A1: Singh Ski School
A2: General Ledger
A3: August & September 2017
A5: Cash
A6: Date | B6: Particulars | C6: Debit | D6: Credit | E6: Balance

Sheet Summarize in TB
A1: Singh Ski School
A2: Trial Balance
A3: As at September 30th, 2017

Sheet Worksheet
A1: Singh Ski School
A2: Worksheet
A3: As at September 30th, 2017
B4: Trial Balance | E4: Adjustments | G4: Adjusted Trial Balance | I4: Income Statement | K4: Balance Sheet
B5: Debit | C5: Credit | E5: Debit | F5: Credit | G5: Debit | H5: Credit | I5: Debit | J5: Credit | K5: Debit | L5: Credit

Sheet Adjust
A1: Singh Ski School
A2: General Journal
A3: August & September 2017
A5: Date | B5: Particulars | C5: Folio | D5: Debit | E5: Credit

Sheet Adj TB
A1: Singh Ski School
A2: Trial Balance
A3: As at September 30th, 2017
C34: =C32-B32 -> 0

Sheet Report
A1: Singh Ski School
A2: Income Statement
A3: For the month ended September 30th, 2017
A5: Revenues
A11: Expenses
A23: Net Income
A25: Singh Ski School
A26: Statement of Changes in Owners Equity
A27: For the month ended September 30th, 2017
A38: Singh Ski School
A39: Balance Sheet
A40: September 30th, 2017
... A71: Total Liabilities and Owner's Equity

Sheet Close
A1: Singh Ski School
A2: General Journal
A3: August & September 2017
A5: Date | B5: Particulars | C5: Debit | D5: Credit

Sheet Post Clse TB
A1: Singh Ski School
A2: Trial Balance
A3: As at September 30th, 2017
